 Dungeon Crawl Stone Soup version 0.30-a0-1112-gfb780f5df6 (webtiles) character file.

Game seed: 3176469932323031078

62554 scionoferis the Slicer (level 15, -3/84 HPs)
             Began as a Vine Stalker Fighter on Apr 19, 2023.
             Was a Believer of Uskayaw.
             Slain by a skyshark (8 damage)
             ... on level 5 of the Lair of Beasts.
             The game lasted 01:02:11 (16721 turns).

scionoferis the Slicer (Vine Stalker Fighter)      Turns: 16721, Time: 01:02:11

Health: -3/84      AC: 24    Str: 31    XL:     15   Next: 6%
Magic:  0/24       EV:  7    Int:  8    God:    Uskayaw [**....]
Gold:   1487       SH:  5    Dex: 15    Spells: 14/14 levels left

rFire   + . .      SeeInvis .    a - +2 dagger (drain)
rCold   + . .      Faith    .    c - +0 buckler
rNeg    . . .      Spirit   +    b - +0 gold dragon scales
rPois   +          Reflect  .    q - +2 helmet
rElec   .          Rampage  .    g - +2 cloak
rCorr   .                        (no gloves)
Will    +....                    u - +0 pair of boots Stlth
                                 (no amulet)
HPRegen 1.14/turn                G - +4 ring of slaying
MPRegen 0.19/turn                J - +6 ring of strength

@: very slow
A: fangs 3, regeneration 1, magic shield, antimagic bite, no potion heal 2
a: Renounce Religion, Stomp, Line Pass


You were on level 5 of the Lair of Beasts.
You worshipped Uskayaw.
Uskayaw was aware of your devotion.
You visited 2 branches of the dungeon, and saw 17 of its levels.
You also visited: Bailey.

You collected 1487 gold pieces.


Innate Abilities, Weirdness & Mutations

You have razor-sharp teeth.
Your natural rate of healing is unusually fast.
When hurt, damage is shared between your health and your magic reserves.
Your bite disrupts and absorbs the magic of your enemies.
Potions cannot restore your health.


   Skills:
 + Level 11.7 Fighting
 - Level 12.0 Short Blades
 + Level 3.2 Throwing
 * Level 8.7 Armour
 - Level 5.0 Dodging
 - Level 5.0 Stealth
 - Level 5.0 Shields
 + Level 11.9 Invocations
 - Level 6.0 Evocations


You had 14 spell levels left.
You didn't know any spells.
Your spell library contained the following spells:

 Spells                   Type           Power      Damage    Failure   Level
 Sting                    Tmut/Pois      0%         1d3       100%        1
 Poisonous Vapours        Pois/Air       0%         N/A       100%        2
 Dazzling Flash           Conj/Hex       0%         N/A       100%        3
 Frozen Ramparts          Ice            0%         1d1       100%        3
 Mephitic Cloud           Conj/Pois/Air  0%         N/A       100%        3
 Cause Fear               Hex            0%         N/A       100%        4
 Ice Form                 Ice/Tmut       0%         N/A       100%        4
 Olgreb's Toxic Radiance  Pois           0%         N/A       100%        4
 Passage of Golubria      Tloc           0%         N/A       100%        4
 Summon Ice Beast         Ice/Summ       0%         N/A       100%        4
 Agony                    Necr           0%         N/A       100%        5
 Freezing Cloud           Conj/Ice/Air   0%         6-21      100%        5
 Silence                  Hex/Air        0%         N/A       100%        5
 Dragon Form              Tmut           0%         N/A       100%        7
 Lehudib's Crystal Spear  Conj/Erth      0%         10d2      100%        8
 Dragon's Call            Summ           0%         N/A       100%        9

Inventory:

Hand Weapons
 a - a +2 dagger of draining (weapon)
   (You took it off an orc wizard on level 9 of the Dungeon)
 h - a +1 dagger of holy wrath
   (You took it off a goblin on level 1 of the Dungeon)
 T - the +7 sling of Distant Shores {freeze, Fly Str+6}
   (You found it on level 2 of the Lair of Beasts)

   Str:       It affects your strength (+6).
   Fly:       It grants you flight.
Missiles
 e - 10 javelins
 o - 41 poisoned darts
 E - 7 boomerangs (quivered)
 F - 8 throwing nets
 I - a curare-tipped dart
Armour
 b - +0 gold dragon scales (worn)
   (You found it on level 12 of the Dungeon)
 c - a +0 buckler (worn)
 g - a +2 cloak (worn)
   (You found it on level 12 of the Dungeon)
 n - a +2 scale mail of positive energy
   (You found it in a bailey)
 q - a +2 helmet (worn)
   (You found it on level 4 of the Dungeon)
 u - a +0 pair of boots (worn)
   (You found it on level 5 of the Dungeon)
 U - the +1 scale mail of Focus {*Corrode Will++ Str+8}
   (You found it on level 4 of the Lair of Beasts)

   Str:       It affects your strength (+8).
   *Corrode:  It may corrode you when you take damage.
   Will:      It greatly increases your willpower.
 W - a +2 robe of willpower
   (You took it off Erica on level 10 of the Dungeon)
Jewellery
 B - a ring of flight
   (You found it on level 5 of the Dungeon)
 G - a +4 ring of slaying (left hand)
   (You found it on level 2 of the Lair of Beasts)
 J - a +6 ring of strength (right hand)
   (You found it on level 7 of the Dungeon)
 M - a ring of ice
   (You found it on level 8 of the Dungeon)
Wands
 r - a wand of roots (4)
   (You found it on level 4 of the Lair of Beasts)
 s - a wand of acid (6)
   (You found it on level 4 of the Lair of Beasts)
 y - a wand of paralysis (7)
   (You took it off a centaur on level 10 of the Dungeon)
 L - a wand of mindburst (9)
   (You found it on level 8 of the Dungeon)
 N - a wand of flame (14)
   (You found it on level 2 of the Lair of Beasts)
 O - a wand of digging (3)
   (You found it on level 8 of the Dungeon)
Scrolls
 f - 2 scrolls of acquirement
 i - 5 scrolls of poison
 p - a scroll of enchant weapon
 t - a scroll of blinking
 v - a scroll of fog
 x - 4 scrolls of fear
 A - 3 scrolls of teleportation
 H - 4 scrolls of vulnerability
 P - 3 scrolls of magic mapping
 Q - 3 scrolls of silence
 R - a scroll of torment
Potions
 d - 5 potions of might
 j - 6 potions of cancellation {unknown}
 k - 2 potions of berserk rage
 l - 2 potions of magic {unknown}
 m - 6 potions of curing
 w - 2 potions of mutation
 z - 3 potions of ambrosia {unknown}
 C - 6 potions of degeneration {unknown}
 D - a potion of flight {unknown}
 K - 3 potions of lignification
 S - a potion of resistance {unknown}
 X - 3 potions of haste

Dungeon Overview and Level Annotations

Branches:
Dungeon (12/15)            Temple (0/1) D:7            Lair (5/5) D:11
 Shoals (0/4) Lair:3        Snake (0/4) Lair:2          Orc (0/2) D:11
 Bailey (visited)
  Slime: Lair:4-5

Altars:
Gozag
Makhleb
Qazlal
Ru
Trog
Uskayaw
Vehumet
Xom
Zin

Shops:
D:6 [

Annotations:
D:11 2 runed translucent doors, pdpol's ghost, journeyman FoCK
Lair:4 1 runed translucent door, Bekuax's ghost, journeyman MfIE

.~~##~##~~#~.#####.
##..~~~ ~~ #~~~#.# ##
##..?~≈ #~~ ##≈~†.#
#....~~ ~~~ #~~..#
##...~≈## ##≈~.##
#....~~~# #~~~.#
.#######...~~##
##~~~##
#......[...l~)###≈~~##
#.(......hw@~≈~≈~~##
#........###~~~~~~#
##........###P~P##~#
###
#..........##~~##~##
###PP
#....#.†.#.########
#.#.. ##...†#<...#
##..P #....)††...#
#.... #.........##
#.... .........†..#
#....


You could see a skyshark (berserk, drained), a swamp worm and a wolf.


Message History

The alligator tail-slaps you but does no damage.
You puncture the alligator! Your bite misses the alligator.
The alligator is lightly wounded.
You hit the alligator. You drain the alligator.
The alligator is lightly wounded.
The alligator bites you but does no damage.
The alligator tail-slaps you.
You hit the alligator. You drain the alligator.
The alligator is moderately wounded.
The alligator bites you! The alligator barely misses you.
You hit the alligator. You drain the alligator. You bite the alligator!
You drain its power.
You feel invigorated.
The alligator is heavily wounded.
You can now pass through a line of other dancers.
You hit the alligator. You drain the alligator. You bite the alligator!
You drain its power.
The alligator is severely wounded.
The alligator completely misses you. You block the alligator's attack.
You hit the alligator but do no damage. You drain the alligator.
The alligator is severely wounded.
The alligator bites you but does no damage.
The alligator tail-slaps you.
You hit the alligator. You drain the alligator.
The alligator is almost dead.
You hit the alligator. You drain the alligator. Your bite misses the alligator.
The alligator is almost dead.
The alligator barely misses you.
The alligator tail-slaps you but does no damage.
You hit the alligator.
You kill the alligator!
Your Armour skill increases to level 8!
A swamp worm and a five-headed hydra come into view.
Found an ancient scale mail.
The five-headed hydra roars!
The swamp worm fires a harpoon shot at you.
The harpoon shot hits you but does no damage.
You see here a goliath frog corpse.
You puncture the five-headed hydra!
The five-headed hydra is lightly wounded.
You hit the five-headed hydra. Your bite misses the five-headed hydra.
The five-headed hydra is lightly wounded.
The five-headed hydra bites you but does no damage.
The five-headed hydra completely misses you.
The five-headed hydra bites you.
The five-headed hydra bites you but does no damage.
The five-headed hydra barely misses you.
You hit the five-headed hydra. Your bite misses the five-headed hydra.
The five-headed hydra is moderately wounded.
You puncture the five-headed hydra! You bite the five-headed hydra!
You drain its power.
You feel invigorated.
The five-headed hydra is heavily wounded.
The five-headed hydra bites you. x2
You block the five-headed hydra's attack.
The five-headed hydra bites you but does no damage.
You block the five-headed hydra's attack.
You can now pass through a line of other dancers.
You completely miss the five-headed hydra.
You bite the five-headed hydra!! You drain its power.
You feel invigorated.
The five-headed hydra is almost dead.
The five-headed hydra bites you but does no damage. x5
You hit the five-headed hydra. You drain the five-headed hydra.
You bite the five-headed hydra!
You kill the five-headed hydra!
You hit the swamp worm but do no damage.
You drain the swamp worm. Your bite misses the swamp worm.
The swamp worm is lightly wounded.
The swamp worm bites you!
You completely miss the swamp worm. You bite the swamp worm!
You drain its power.
You feel invigorated.
The swamp worm is moderately wounded.
You hit the swamp worm. You bite the swamp worm. You drain its power.
The swamp worm is severely wounded.
The swamp worm bites you.
Uskayaw will force your foes to helplessly watch your dance.
Uskayaw prepares the audience for your solo!
The helpless swamp worm fails to defend itself.
You spit the swamp worm like a pig!!!!
You kill the swamp worm!
Your Throwing skill increases to level 2!
Things that are here:
a swamp worm corpse; a goliath frog corpse You now have 1431 gold pieces (gained 16).
You enter the shallow water.
Moving in this stuff is going to be slow.
You enter the shallow water.
Moving in this stuff is going to be slow.
You enter the shallow water.
Moving in this stuff is going to be slow.
m - 6 potions of curing (gained 1)
You see here the +1 scale mail of Focus {*Corrode Will++ Str+8}.
U - the +1 scale mail of Focus {*Corrode Will++ Str+8} You enter the shallow water.
Moving in this stuff is going to be slow.
You enter the shallow water.
Moving in this stuff is going to be slow.
Things that are here:
a swamp worm corpse; a goliath frog corpse You enter the shallow water.
Moving in this stuff is going to be slow.
You enter the shallow water.
Moving in this stuff is going to be slow.
You see here a swamp drake corpse.
Bekuax's ghost turns its malevolent gaze towards you.
The spriggan rider shouts!
The black bear growls angrily.
The wolf howls!
The boggart shouts!
You see here a komodo dragon skeleton.
The wolf howls!
Bekuax's ghost screams, "Don't try to defend!
You have no chance!"
There is a dry fountain here.
The wolf stops to sniff the ground.
Bekuax's ghost says, "I guess you can't buy your way into a good afterlife."
You see here a swamp drake skeleton.
You enter the shallow water.
Moving in this stuff is going to be slow.
You enter the shallow water.
Moving in this stuff is going to be slow.
You enter the shallow water.
Moving in this stuff is going to be slow.
You enter the shallow water.
Moving in this stuff is going to be slow.
You enter the shallow water.
Moving in this stuff is going to be slow.
You see here a swamp drake skeleton.
The boggart shouts!
The spriggan rider shouts!
The black bear growls angrily.
The wolf howls!
Bekuax's ghost turns its malevolent gaze towards you.
The wolf stops to sniff the ground.
There is a dry fountain here.
Press: ? - help, v - describe, . - travel
Here: Bekuax's ghost, wielding a heavy weapon (fire blocked by a translucent stone wall)
The floor.
Unknown command.
Press: ? - help, v - describe, . - travel
Here: a black bear (fire blocked by a translucent stone wall)
The floor.
Unknown command.
Bekuax's ghost says, "To die, to sleep, no more."
You see here 7 stones.
There is a stone staircase leading down here.
Unknown command.
Search for what [? for help]? shop You climb downwards.
Found a glowing mace, 7 stones, 32 gold pieces and two ring mails.
There is a stone staircase leading up here.
You see here a +2 mace of holy wrath.
A four-headed hydra comes into view.
Found a scroll of butterflies.
The four-headed hydra roars!
There is a stone staircase leading up here.
Something bites the plant!
The plant begins to die.
Something bites the plant.
The plant begins to die.
Something bites the plant!
The plant begins to die.
You hit the four-headed hydra. You drain the four-headed hydra.
The four-headed hydra is lightly wounded.
The four-headed hydra bites you but does no damage.
The four-headed hydra bites you!
You block the four-headed hydra's attack.
The four-headed hydra bites you.
You hit the four-headed hydra. You bite the four-headed hydra!
You drain its power.
You feel invigorated.
The four-headed hydra is moderately wounded.
You hit the four-headed hydra. You bite the four-headed hydra!
You drain its power.
The four-headed hydra is moderately wounded.
A nearby plant withers and dies.
The four-headed hydra bites you but does no damage. x2
The four-headed hydra closely misses you.
The four-headed hydra bites you!
You barely miss the four-headed hydra. You bite the four-headed hydra!
You drain its power.
You feel invigorated.
The four-headed hydra is heavily wounded.
A nearby plant withers and dies.
A swamp worm comes into view.
A black mamba comes into view.
The black mamba hisses angrily.
You puncture the four-headed hydra! You drain the four-headed hydra.
Your bite misses the four-headed hydra.
The four-headed hydra is severely wounded.
The four-headed hydra bites you but does no damage. x3
You block the four-headed hydra's attack.
You can now pass through a line of other dancers.
You hit the four-headed hydra.
The four-headed hydra is severely wounded.
A nearby plant withers and dies.
You hit the four-headed hydra. Your bite misses the four-headed hydra.
The four-headed hydra is almost dead.
The four-headed hydra bites you but does no damage.
You block the four-headed hydra's attack. x3
You barely miss the four-headed hydra. You bite the four-headed hydra!
You drain its power.
The four-headed hydra is almost dead.
You puncture the four-headed hydra!
You kill the four-headed hydra!
The swamp worm fires a harpoon shot at you.
The harpoon shot hits you.
You are yanked forward by the harpoon shot.
A blink frog comes into view.
You hit the swamp worm. You drain the swamp worm. You bite the swamp worm!
You drain its power.
You feel invigorated.
The swamp worm is heavily wounded.
The blink frog gives a loud, deep croak!
The blink frog blinks!
A blink frog comes into view.
Uskayaw will force your foes to helplessly watch your dance.
Uskayaw prepares the audience for your solo!
The helpless swamp worm fails to defend itself.
You perforate the swamp worm like a sieve!!!!
You kill the swamp worm!
A blink frog comes into view.
The blink frog croaks.
You hear a loud, deep croak! x2
The helpless black mamba fails to defend itself.
You stick the black mamba like a pincushion!!!!
You kill the black mamba!
Uskayaw will force your foes to share their pain.
The blink frog blinks!
The blink frog blinks!
A blink frog comes into view.
The blink frog croaks.
You see here 22 gold pieces.
You now have 1453 gold pieces (gained 22).
The blink frog blinks!
You hit the blink frog. You drain the blink frog.
The blink frog is moderately wounded.
The blink frog blinks!
You hit the blink frog. You drain the blink frog. You bite the blink frog.
The blink frog's magic leaks into the air.
You drain its magic.
The blink frog is heavily wounded.
You block the blink frog's attack.
Uskayaw will force your foes to share their pain.
Uskayaw links your audience in an emotional bond!
You hit the blink frog but do no damage.
Your bite misses the blink frog.
The blink frog is heavily wounded.
You hit the blink frog. You bite the blink frog.
The blink frog's magic leaks into the air.
You drain its magic.
The blink frog is almost dead.
You block the blink frog's attack.
You hit the blink frog.
The blink frog is almost dead.
You block the blink frog's attack.
The blink frog hits the bush!
The blink frog blinks!
The blink frog hits you.
You barely miss the blink frog. You bite the blink frog.
You kill the blink frog!
The blink frog hits you but does no damage. x2
You puncture the blink frog! You drain the blink frog. You bite the blink frog.
The blink frog's magic leaks into the air.
You drain its magic.
You feel invigorated.
The blink frog is almost dead.
The blink frog hits you but does no damage.
You can now merge with and destroy a victim.
You miss the blink frog. You bite the blink frog.
The blink frog's magic leaks into the air.
You drain its magic.
The blink frog is almost dead.
The blink frog falters for a moment.
You block the blink frog's attack.
You hit the blink frog.
You kill the blink frog!
The blink frog is no longer sharing its pain.
The blink frog barely misses you.
You completely miss the blink frog. Your bite misses the blink frog.
The blink frog is almost dead.
You miss the blink frog. You bite the blink frog.
You kill the blink frog!
The blink frog hits you.
You hit the blink frog. You bite the blink frog!
The blink frog's magic leaks into the air.
You drain its magic.
You feel invigorated.
The blink frog is severely wounded.
A moth of wrath comes into view.
The blink frog hits you but does no damage.
The moth of wrath's fur bristles in rage as it notices you.
You hit the blink frog. You drain the blink frog.
You kill the blink frog!
A swamp worm comes into view.
You hit the moth of wrath. You drain the moth of wrath.
Your bite misses the moth of wrath.
The moth of wrath is lightly wounded.
You hit the moth of wrath. You drain the moth of wrath.
You bite the moth of wrath. You drain its power.
The moth of wrath is moderately wounded.
The moth of wrath bites you but does no damage.
You closely miss the moth of wrath. You bite the moth of wrath!
You drain its power.
The moth of wrath is heavily wounded.
The moth of wrath closely misses you.
You closely miss the moth of wrath.
The moth of wrath is heavily wounded.
You puncture the moth of wrath!
The moth of wrath is severely wounded.
The moth of wrath bites you but does no damage.
You closely miss the moth of wrath. You bite the moth of wrath!
You drain its power.
The moth of wrath is almost dead.
The moth of wrath goads the swamp worm on!
The swamp worm goes berserk!
You hit the moth of wrath. You drain the moth of wrath.
You kill the moth of wrath!
The swamp worm barely misses you.
You hit the swamp worm. You drain the swamp worm. You bite the swamp worm.
You drain its power.
The swamp worm is moderately wounded.
The swamp worm bites you.
You hit the swamp worm. Your bite misses the swamp worm.
The swamp worm is moderately wounded.
The swamp worm bites you!!
You hit the swamp worm but do no damage.
You drain the swamp worm. You bite the swamp worm! You drain its power.
You feel invigorated.
The swamp worm is heavily wounded.
The swamp worm bites you but does no damage.
You barely miss the swamp worm. Your bite misses the swamp worm.
The swamp worm is heavily wounded.
The swamp worm bites you but does no damage.
You barely miss the swamp worm. Your bite misses the swamp worm.
The swamp worm is heavily wounded.
The swamp worm bites you!!
You hit the swamp worm. You bite the swamp worm! You drain its power.
You feel invigorated.
The swamp worm is severely wounded.
The swamp worm bites you!
You hit the swamp worm. You drain the swamp worm.
The swamp worm is almost dead.
The swamp worm bites you.
You hit the swamp worm.
You kill the swamp worm!
There is a stone staircase leading up, spattered with blood here.
You climb upwards.
Level annotation: 1 runed translucent door, Bekuax's ghost, journeyman MfIE
There is a stone staircase leading down here.
You start resting.
Magic restored.
You start resting.
HP restored.
You climb downwards.
There is a stone staircase leading up, spattered with blood here.
A polar bear comes into view.
The polar bear growls angrily.
A water moccasin comes into view.
There is a stone staircase leading up, spattered with blood here.
You hit the polar bear but do no damage.
The water moccasin bites you but does no damage.
You hit the polar bear. You drain the polar bear. You bite the polar bear!
You drain its power.
The polar bear is heavily wounded.
The water moccasin bites you but does no damage.
The polar bear bites you. The polar bear barely misses you.
You block the polar bear's attack.
You hit the polar bear but do no damage.
You drain the polar bear. Your bite misses the polar bear.
The polar bear is severely wounded.
The water moccasin bites you but does no damage.
You hit the polar bear. You drain the polar bear.
The polar bear is almost dead.
The polar bear closely misses you.
The polar bear claws you but does no damage. x2
You can now pass through a line of other dancers.
You hit the polar bear. You drain the polar bear. You bite the polar bear.
You kill the polar bear!
The water moccasin barely misses you.
You closely miss the water moccasin. Your bite misses the water moccasin.
The water moccasin barely misses you.
You barely miss the water moccasin. Your bite misses the water moccasin.
You hit the water moccasin. You drain the water moccasin.
The water moccasin is moderately wounded.
The water moccasin completely misses you.
You barely miss the water moccasin. Your bite misses the water moccasin.
The water moccasin is moderately wounded.
The water moccasin bites you but does no damage.
You puncture the water moccasin! You drain the water moccasin.
Your bite misses the water moccasin.
The water moccasin is almost dead.
Uskayaw will force your foes to helplessly watch your dance.
Uskayaw prepares the audience for your solo!
The helpless water moccasin fails to defend itself.
You skewer the water moccasin like a kebab!!!
You kill the water moccasin!
Magic restored.
You now have 1463 gold pieces (gained 10). 2 jellies come into view.
The jelly quivers.
The jelly sets off the alarm!
The alarm trap emits a blaring wail!
A sentinel's mark forms upon you.
You hear a shout! x4; You hear a trumpeting!
You hear a shout!
You hear a trumpeting! x4; You hear a howl! x2; You hear an angry hiss.
You hear a croak.
You hear a howl! x2; You hear a trumpeting!
You hear an angry hiss.
You hear a roar!
You hear a croak.
You hear an angry hiss.
You hear an angry growl.
You hear an angry hiss.
You hear a bleat! x2; You hear a howl!
You hear a shout! x2; You hear a roar!
You hear a bellow!
You hear a howl!
You hear an angry buzzing noise.
You hear a bellow! x2; You hear a bleat!
You hear an angry buzzing noise.
You hear a shout!
You hear an angry growl.
You hear a bellow!
You hear an angry growl.
You hear a bleat! x2; You hear a shout!
You hear a bleat!
You hear a shout!
You hear a howl!
You hear an angry hiss.
You hear a bleat!
You hear a howl!
You hear an angry hiss.
You hear a howl!
You hear a croak.
You hear a bleat!
You hear a shout! x2; You hear an angry buzzing noise.
You hear a shout!
You hear a trumpeting! x5; You hear an angry growl.
You hear a shout! x3; You hear a howl!
You hear a shout!
You hear an angry growl.
You hear a shout!
You hear a shout!
You hear a howl! x3
You see here a water moccasin corpse.
A demonic crawler comes into view.
There is a stone staircase leading up, spattered with blood here.
You climb upwards.
Level annotation: 1 runed translucent door, Bekuax's ghost, journeyman MfIE
There is a stone staircase leading down here.
There is a stone staircase leading down here.
You start waiting.
The sentinel's mark upon you fades away.
You climb downwards.
Found 3 stones and a scale mail.
There is a stone staircase leading up here.
A wolf comes into view.
You hit the wyvern. You bite the wyvern!! You drain its power.
The wyvern is almost dead.
You block the wyvern's attack.
A wolf comes into view.
You puncture the wyvern!
You kill the wyvern!
A komodo dragon comes into view.
The komodo dragon hisses angrily.
There is a stone staircase leading up here.
You block the wolf's attack.
You puncture the wolf!
The wolf is moderately wounded.
You block the wolf's attack.
A water moccasin comes into view.
You can now pass through a line of other dancers.
The water moccasin hisses angrily.
You hit the wolf. Your bite misses the wolf.
The wolf is heavily wounded.
The wolf bites you but does no damage.
You miss the wolf. Your bite misses the wolf.
The wolf is heavily wounded.
You hit the wolf. You drain the wolf.
The wolf is almost dead.
The wolf completely misses you.
You hit the wolf.
You kill the wolf!
The wolf bites you but does no damage.
You hit the wolf. You drain the wolf.
The wolf is moderately wounded.
A boggart comes into view.
The wolf bites you but does no damage.
You barely miss the wolf. You bite the wolf!
You kill the wolf!
The boggart casts a spell.
The boggart blinks!
Uskayaw will force your foes to helplessly watch your dance.
Uskayaw prepares the audience for your solo!
A hornet comes into view.
The helpless komodo dragon fails to defend itself.
You perforate the komodo dragon like a sieve!!!
You kill the komodo dragon!
Uskayaw will force your foes to share their pain.
Uskayaw links your audience in an emotional bond!
Uskayaw links your audience in an emotional bond!
The helpless water moccasin fails to defend itself.
You perforate the water moccasin like a sieve!!!!
You kill the water moccasin!
You see here a wolf corpse.
You block the hornet's attack.
There is a stone staircase leading up here.
You hit the hornet. You drain the hornet.
The hornet is moderately wounded.
The hornet stings you but does no damage.
You closely miss the hornet.
The hornet is moderately wounded.
The boggart casts a spell.
A spriggan comes into view. It is wielding a +0 rapier.
The spriggan shouts!
You hit the hornet but do no damage. Your bite misses the hornet.
The hornet is moderately wounded.
The hornet stings you but does no damage.
You hit the hornet but do no damage. Your bite misses the hornet.
The hornet is moderately wounded.
The hornet stings you.
You hit the hornet but do no damage. You drain the hornet. You bite the hornet!
You drain its power.
You feel invigorated.
The hornet is severely wounded.
The hornet stings you but does no damage.
You can now merge with and destroy a victim.
You closely miss the hornet.
The hornet is severely wounded.
A wolf comes into view.
The hornet barely misses you.
You hit the hornet. You bite the hornet, but do no damage.
The hornet is almost dead.
You hit the hornet.
You kill the hornet!
The spriggan hits you but does no damage.
You block the boggart's attack.
You see here a hornet corpse.
You miss the boggart.
The boggart gestures wildly while chanting.
The spriggan hits you but does no damage.
You hit the boggart. You bite the boggart.
The boggart's magic leaks into the air.
You drain its magic.
The boggart is moderately wounded.
You puncture the boggart! You drain the boggart.
You kill the boggart!
The yak dissolves into shadows!
The polar bear dissolves into shadows!
The yak dissolves into shadows!
The wolf bites you. You block the spriggan's attack.
You hit the spriggan. You drain the spriggan. Your bite misses the spriggan.
The spriggan is moderately wounded.
The wolf bites you but does no damage.
You hit the spriggan. You drain the spriggan. You bite the spriggan!
You drain its power.
You feel invigorated.
The spriggan is severely wounded.
You block the spriggan's attack.
You hit the spriggan.
The spriggan is severely wounded.
The wolf closely misses you.
You hit the spriggan. You drain the spriggan. Your bite misses the spriggan.
The spriggan is almost dead.
The wolf bites you but does no damage. The spriggan barely misses you.
Uskayaw prepares the audience for your solo!
The helpless spriggan fails to defend itself.
You spit the spriggan like a pig!!!
You kill the spriggan!
The helpless wolf fails to defend itself.
You spit the wolf like a pig!!!!
You kill the wolf!
A black bear comes into view.
The black bear growls angrily.
Things that are here:
a +0 rapier; a +0 robe; a komodo dragon corpse You see here a wolf corpse.
You see here a hornet corpse.
You puncture the black bear! You drain the black bear.
The black bear is heavily wounded.
You completely miss the black bear. You bite the black bear.
You drain its power.
The black bear is severely wounded.
You block the black bear's attack.
The black bear claws you but does no damage. x2
You puncture the black bear!
The black bear is almost dead.
You hit the black bear.
You kill the black bear!
Things that are here:
a +0 rapier; a +0 robe; a komodo dragon corpse You see here a water moccasin corpse.
Found a stone staircase leading up.
A hornet comes into view.
The hornet buzzes angrily.
A wolf comes into view.
Uskayaw links your audience in an emotional bond!
The wolf howls!
You can no longer merge with and destroy a victim.
The wolf is no longer sharing its pain.
There is a stone staircase leading up here.
The wolf barely misses you. The hornet barely misses you.
You hit the hornet but do no damage. You block the wolf's attack.
You can no longer pass through a line of other dancers.
You hit the hornet. You drain the hornet. Your bite misses the hornet.
The hornet is lightly wounded.
The hornet stings you but does no damage.
The wolf bites you.
You can now pass through a line of other dancers.
You hit the hornet but do no damage. You drain the hornet.
Your bite misses the hornet.
The hornet is moderately wounded.
The hornet stings you but does no damage.
The wolf bites you but does no damage.
You closely miss the hornet. You bite the hornet! You drain its power.
You feel invigorated.
The hornet is heavily wounded.
The hornet stings you but does no damage.
You hit the hornet. You drain the hornet. Your bite misses the hornet.
The hornet is almost dead.
You block the wolf's attack.
The hornet stings you but does no damage.
Uskayaw will force your foes to helplessly watch your dance.
You hit the hornet. You drain the hornet. Your bite misses the hornet.
The hornet is almost dead.
The wolf bites you.
You hit the hornet but do no damage. You bite the hornet. You drain its power.
You feel invigorated.
The hornet is almost dead.
The hornet is no longer sharing its pain.
You block the wolf's attack. The hornet barely misses you.
You hit the hornet.
You kill the hornet!
The wolf bites you but does no damage.
You miss the wolf. Your bite misses the wolf.
The wolf bites you but does no damage.
You hit the wolf.
The wolf is lightly wounded.
The wolf bites you.
You closely miss the wolf. Your bite misses the wolf.
The wolf is lightly wounded.
You block the wolf's attack.
You hit the wolf. You bite the wolf! You drain its power.
The wolf is heavily wounded.
The wolf bites you but does no damage.
You hit the wolf but do no damage. You drain the wolf.
Your bite misses the wolf.
The wolf is severely wounded.
The wolf closely misses you.
You hit the wolf. You drain the wolf. You bite the wolf.
You kill the wolf!
Uskayaw will force your foes to share their pain.
Found a leather armour.
A - 3 scrolls of teleportation (gained 1)
You now have 1476 gold pieces (gained 13).
An elephant comes into view.
You start waiting.
An elephant is nearby!
You hit the elephant.
You bite the elephant, but do no damage.
The elephant is lightly wounded.
The elephant tramples you!
You hold your ground!
The elephant trunk-slaps you but does no damage.
You hit the elephant but do no damage. You drain the elephant.
You bite the elephant! You drain its power.
You feel invigorated.
The elephant is moderately wounded.
The elephant tramples you but does no damage.
The elephant trunk-slaps you but does no damage.
You hit the elephant.
The elephant is heavily wounded.
You hit the elephant. You drain the elephant. You bite the elephant!
You drain its power.
The elephant is severely wounded.
The elephant tramples you but does no damage.
The elephant trunk-slaps you but does no damage.
You can now pass through a line of other dancers.
You hit the elephant but do no damage. You drain the elephant.
The elephant is severely wounded.
You hit the elephant.
The elephant is severely wounded.
The elephant tramples you but does no damage.
The elephant trunk-slaps you but does no damage.
You hit the elephant but do no damage.
You bite the elephant, but do no damage.
The elephant is severely wounded.
You hit the elephant. You bite the elephant. You drain its power.
The elephant is almost dead.
You block the elephant's attack. The elephant closely misses you.
You hit the elephant. You bite the elephant.
You kill the elephant!
You see here an elephant corpse.
HP restored.
A cane toad comes into view.
You can no longer pass through a line of other dancers.
The cane toad gives a loud, deep croak!
You hear a trumpeting! x2
You hear a roar!
You hear a trumpeting!
You see here an elephant corpse.
You start waiting.
A cane toad is nearby!
You hit the cane toad. You drain the cane toad.
The cane toad is lightly wounded.
You hit the cane toad. Your bite misses the cane toad.
The cane toad is lightly wounded.
The cane toad stings you!
You hit the cane toad. Your bite misses the cane toad.
The cane toad is moderately wounded.
The cane toad stings you!
You hit the cane toad. You drain the cane toad.
The cane toad is moderately wounded.
You hit the cane toad. You bite the cane toad! You drain its power.
You feel invigorated.
The cane toad is severely wounded.
The cane toad closely misses you.
You can now pass through a line of other dancers.
You hit the cane toad. You drain the cane toad.
The cane toad is almost dead.
The cane toad closely misses you.
You hit the cane toad but do no damage. Your bite misses the cane toad.
The cane toad is almost dead.
You hit the cane toad but do no damage. You bite the cane toad.
You kill the cane toad!
HP restored.
A wolf comes into view.
The wolf bites you but does no damage.
You puncture the wolf! Your bite misses the wolf.
The wolf is moderately wounded.
The wolf closely misses you.
You hit the wolf. You drain the wolf.
The wolf is severely wounded.
The wolf bites you but does no damage.
You barely miss the wolf.
The wolf is severely wounded.
You block the wolf's attack.
You hit the wolf. Your bite misses the wolf.
The wolf is severely wounded.
You block the wolf's attack.
You hit the wolf.
You kill the wolf!
You can now pass through a line of other dancers.
No target in view!
An eight-headed hydra comes into view.
The eight-headed hydra roars!
You see here an elephant corpse.
Throw: 7 boomerangs
Press: ? - help, Q - select action, (/) - cycle Shift-Dir - straight line, f - eight-headed hydra
Aim: an eight-headed hydra (83% to hit)
You throw a boomerang.
The boomerang barely misses the eight-headed hydra.
The boomerang hits the fungus!
The fungus begins to die.
The fungus is lightly damaged.
An elephant comes into view. x2
You can no longer pass through a line of other dancers.
Throw: 7 boomerangs
Press: ? - help, Q - select action, (/) - cycle Shift-Dir - straight line, f/p - eight-headed hydra
Aim: an eight-headed hydra (83% to hit)
You throw a boomerang.
The boomerang hits the eight-headed hydra!
The eight-headed hydra is lightly wounded.
Throw: 7 boomerangs
Press: ? - help, Q - select action, (/) - cycle Shift-Dir - straight line, f/p - eight-headed hydra
Aim: an eight-headed hydra (lightly wounded, 83% to hit)
You throw a boomerang.
The boomerang completely misses the eight-headed hydra.
Unknown command.
Throw: 7 boomerangs
Press: ? - help, Q - select action, (/) - cycle Shift-Dir - straight line, f/p - eight-headed hydra
Aim: an eight-headed hydra (lightly wounded, 83% to hit)
You throw a boomerang.
The boomerang hits the eight-headed hydra.
The eight-headed hydra is moderately wounded.
You hit the eight-headed hydra. You drain the eight-headed hydra.
The eight-headed hydra is moderately wounded.
You puncture the eight-headed hydra! You drain the eight-headed hydra.
The eight-headed hydra is heavily wounded.
The eight-headed hydra bites you but does no damage.
You block the eight-headed hydra's attack. x2
The eight-headed hydra closely misses you.
The eight-headed hydra bites you.
The eight-headed hydra bites you but does no damage. x2
You block the eight-headed hydra's attack.
You can now pass through a line of other dancers.
You hit the eight-headed hydra. You drain the eight-headed hydra.
The eight-headed hydra is heavily wounded.
The eight-headed hydra bites you.
You block the eight-headed hydra's attack.
The eight-headed hydra bites you but does no damage. x2
The eight-headed hydra completely misses you.
The eight-headed hydra bites you but does no damage.
You block the eight-headed hydra's attack.
The eight-headed hydra bites you but does no damage.
You hit the eight-headed hydra.
Your bite misses the eight-headed hydra.
The eight-headed hydra is severely wounded.
You completely miss the eight-headed hydra.
Your bite misses the eight-headed hydra.
The eight-headed hydra is severely wounded.
You block the eight-headed hydra's attack.
The eight-headed hydra bites you but does no damage. x3
The eight-headed hydra bites you!
The eight-headed hydra barely misses you. x3
You puncture the eight-headed hydra! You drain the eight-headed hydra.
You bite the eight-headed hydra. You drain its power.
You feel invigorated.
The eight-headed hydra is almost dead.
You hit the eight-headed hydra. You drain the eight-headed hydra.
You bite the eight-headed hydra.
You kill the eight-headed hydra!
You see here an elephant corpse.
An elephant comes into view.
The elephant trumpets!
You hit the elephant but do no damage. You block the elephant's attack.
The elephant trunk-slaps you but does no damage.
You hit the elephant but do no damage. You drain the elephant.
You bite the elephant! You drain its power.
The elephant is lightly wounded.
You hit the elephant but do no damage. You drain the elephant.
You bite the elephant! You drain its power.
The elephant is heavily wounded.
You block the elephant's attack. The elephant closely misses you.
You hit the elephant. You drain the elephant. You bite the elephant!
You drain its power.
The elephant is severely wounded.
You block the elephant's attack. The elephant barely misses you.
You can now pass through a line of other dancers.
You hit the elephant. You drain the elephant. You bite the elephant!
You drain its power.
The elephant is almost dead.
You hit the elephant.
The elephant is almost dead.
You hit the elephant but do no damage. You drain the elephant.
You bite the elephant! You drain its power.
The elephant is lightly wounded.
You hit the elephant. You drain the elephant. You bite the elephant!
You drain its power.
The elephant is heavily wounded.
Uskayaw will force your foes to helplessly watch your dance.
Uskayaw prepares the audience for your solo!
The helpless elephant fails to defend itself.
You skewer the elephant like a kebab!!!!
You kill the elephant!
You have reached level 15!
Your experience leads to an increase in your attributes!
Your base attributes are Str 23, Int 8, Dex 15.
Increase (S)trength, (I)ntelligence, or (D)exterity?
You feel stronger. x2
You hit the elephant.
You kill the elephant!
Your Throwing skill increases to level 3!
An elephant comes into view.
Uskayaw prepares the audience for your solo!
The elephant is no longer paralysed.
You can no longer pass through a line of other dancers.
You hit the elephant but do no damage. You bite the elephant.
You drain its power.
The elephant is lightly wounded.
You hit the elephant. You drain the elephant.
The elephant is lightly wounded.
You block the elephant's attack.
The elephant trunk-slaps you but does no damage.
You puncture the elephant! You bite the elephant! You drain its power.
The elephant is heavily wounded.
You can now pass through a line of other dancers.
You hit the elephant. You drain the elephant.
The elephant is heavily wounded.
The elephant tramples you but does no damage.
The elephant trunk-slaps you but does no damage.
You hit the elephant. You drain the elephant.
The elephant is severely wounded.
You hit the elephant but do no damage. You bite the elephant!
You drain its power.
The elephant is almost dead.
The elephant tramples you but does no damage.
The elephant trunk-slaps you but does no damage.
You hit the elephant but do no damage. You drain the elephant.
You bite the elephant, but do no damage.
The elephant is almost dead.
You barely miss the elephant. You bite the elephant!
You kill the elephant!
Uskayaw will force your foes to helplessly watch your dance.
The jelly quivers.
You hit the jelly.
Your hands burn!
You bite the jelly. You drain its power.
You feel invigorated.
The jelly is severely wounded.
The jelly barely misses you.
You hit the jelly.
Your hands burn!
You bite the jelly.
You kill the jelly!
A spriggan comes into view. It is wielding a +0 rapier.
The spriggan hits you but does no damage.
You closely miss the spriggan. You barely miss the spriggan.
The spriggan barely misses you. The spriggan blocks your attack.
Your bite misses the spriggan. You puncture the spriggan!
You drain the spriggan. Your bite misses the spriggan.
The spriggan is severely wounded.
The spriggan hits you but does no damage.
You hit the spriggan.
The spriggan is almost dead.
You hit the spriggan.
You kill the spriggan!
Things that are here:
a +0 rapier; a +0 robe; a +0 buckler You now have 1487 gold pieces (gained 11).
A water moccasin comes into view.
The water moccasin hisses angrily.
You puncture the water moccasin! You drain the water moccasin.
The water moccasin is heavily wounded.
The water moccasin bites you but does no damage.
You puncture the water moccasin! You drain the water moccasin.
You kill the water moccasin!
An endoplasm comes into view.
The endoplasm quivers.
A water moccasin comes into view.
The water moccasin hisses angrily.
You hit the endoplasm.
You kill the endoplasm!
The water moccasin bites you but does no damage.
You puncture the water moccasin! Your bite misses the water moccasin.
The water moccasin is moderately wounded.
You barely miss the water moccasin. Your bite misses the water moccasin.
The water moccasin is moderately wounded.
The water moccasin bites you but does no damage.
You hit the water moccasin. You drain the water moccasin.
Your bite misses the water moccasin.
The water moccasin is heavily wounded.
The water moccasin bites you.
You hit the water moccasin. You drain the water moccasin.
Your bite misses the water moccasin.
The water moccasin is almost dead.
You block the water moccasin's attack.
You can now pass through a line of other dancers.
You hit the water moccasin.
You kill the water moccasin!
A hornet comes into view.
The hornet buzzes angrily.
You block the hornet's attack.
You hit the hornet but do no damage. You bite the hornet! You drain its power.
The hornet is moderately wounded.
The hornet stings you but does no damage.
You barely miss the hornet. You bite the hornet! You drain its power.
The hornet is severely wounded.
You hit the hornet. You drain the hornet.
The hornet is severely wounded.
The hornet closely misses you.
You can now pass through a line of other dancers.
You barely miss the hornet. You bite the hornet. You drain its power.
The hornet is almost dead.
You block the hornet's attack.
You puncture the hornet!
You kill the hornet!
You see here a hornet corpse.
You enter the shallow water.
Moving in this stuff is going to be slow.
A spriggan rider comes into view. It is wielding a +0 spear.
The spriggan rider moves out of view.
Found a scroll of magic mapping.
The spriggan rider shouts!
A swamp worm comes into view.
The spriggan rider hits you from afar with a +0 spear.
The swamp worm fires a harpoon shot at you.
The harpoon shot hits you but does no damage.
The spriggan rider hits you from afar with a +0 spear!
A wolf comes into view.
The spriggan rider hits you but does no damage.
The wolf howls!
The spriggan rider hits you but does no damage.
The spriggan rider hits you with a +0 spear!
You barely miss the spriggan rider. You bite the spriggan rider!
You drain its power.
You feel invigorated.
The spriggan rider is lightly wounded.
The swamp worm bites you but does no damage.
Your unstable footing causes you to fumble your attack.
The spriggan rider barely misses you.
The swamp worm bites you but does no damage.
The wolf bites you but does no damage.
You puncture the spriggan rider! Your bite misses the spriggan rider.
The spriggan rider is moderately wounded.
A skyshark comes into view.
The wolf barely misses you.
The spriggan rider hits you with a +0 spear!
Your unstable footing causes you to fumble your attack.
You block the swamp worm's attack. The wolf barely misses you.
Your unstable footing causes you to fumble your attack.
The swamp worm bites you!
The spriggan rider hits you but does no damage.
The wolf bites you.
You hit the spriggan rider. You bite the spriggan rider! You drain its power.
You feel invigorated.
The spriggan rider is heavily wounded.
The wolf barely misses you.
You can now pass through a line of other dancers.
Your unstable footing causes you to fumble your attack.
The swamp worm bites you but does no damage.
The spriggan rider hits you but does no damage.
The wolf bites you but does no damage.
Your unstable footing causes you to fumble your attack.
The swamp worm bites you!
Your unstable footing causes you to fumble your attack.
The spriggan rider hits you with a +0 spear!
You hit the spriggan rider.
The spriggan rider is severely wounded.
The swamp worm bites you but does no damage.
The skyshark bites you.
The skyshark tastes blood and grows stronger!
The skyshark tail-slaps you but does no damage.
The skyshark tail-slaps you.
The spriggan rider hits you with a +0 spear!
You hit the spriggan rider.
You kill the hornet!
The spriggan falls from its now dead mount.
The spriggan is moderately wounded.
The swamp worm bites you but does no damage.
You hit the spriggan. You bite the spriggan!
You kill the spriggan!
You hear a splash. x2
The skyshark bites you.
The skyshark enters a blood-rage!
The skyshark tail-slaps you but does no damage. x2
Your unstable footing causes you to fumble your attack.
The swamp worm bites you but does no damage.
The skyshark closely misses you. You block the skyshark's attack.
The skyshark closely misses you.
You hit the skyshark. Your bite misses the skyshark.
The skyshark is lightly wounded.
The swamp worm bites you but does no damage.
Your unstable footing causes you to fumble your attack.
The skyshark bites you! The skyshark tail-slaps you.
The skyshark tail-slaps you but does no damage.
You hit the skyshark but do no damage. Your bite misses the skyshark.
The skyshark is lightly wounded.
The skyshark bites you.
* * * LOW HITPOINT WARNING * * *
The skyshark tail-slaps you but does no damage.
The skyshark barely misses you.
The swamp worm bites you but does no damage.
Your unstable footing causes you to fumble your attack.
The skyshark bites you!
* * * LOW HITPOINT WARNING * * *
The skyshark tail-slaps you but does no damage.
You block the skyshark's attack. The swamp worm bites you!
* * * LOW HITPOINT WARNING * * *
Unknown command.
You don't have enough magic at the moment.
You hit the skyshark. You drain the skyshark.
The skyshark is lightly wounded.
The skyshark bites you.
* * * LOW HITPOINT WARNING * * *
The skyshark tail-slaps you!
You die...

Skill      XL: |  1  2  3  4  5  6  7  8  9 10 11 12 13 14 15 |
---------------+----------------------------------------------+-----
Short Blades   | 2 3 4 6 7 8 10 11 12 | 12.0
Fighting       | 3 4 5 6 7 9 10 11 | 11.7
Shields        | 3 4 5 |  5.0
Invocations    | 3 5 8 9 10 11 | 11.9
Stealth        | 4 5 |  5.0
Evocations     | 5 6 |  6.0
Armour         | 3 5 8 |  8.7
Dodging        | 3 5 |  5.0
Throwing       | 2 3 |  3.2

Action                     |  1- 3 |  4- 6 |  7- 9 | 10-12 | 13-15 || total
---------------------------+-------+-------+-------+-------+-------++-------
  Melee: Rapier            |   129 |   190 |       |       |       ||   319
         Bite              |    28 |    59 |   207 |   235 |   388 ||   917
         Dagger            |       |    12 |   558 |   628 |   953 ||  2151
  Throw: Dart              |       |     2 |       |     5 |     5 ||    12
         Boomerang         |       |       |       |       |     4 ||     4
 Invoke: Line Pass         |       |       |       |     3 |       ||     3
  Evoke: Wand              |       |       |       |       |     2 ||     2
    Use: Scroll            |     2 |     4 |     4 |     5 |     8 ||    23
         Potion            |       |       |       |     1 |     1 ||     2
   Stab: Paralysed         |       |       |    10 |    26 |    60 ||    96
         Sleeping          |       |       |     2 |     2 |       ||     4
         Distracted        |       |       |       |     1 |       ||     1
         Confused          |       |       |       |     1 |       ||     1
 Armour: Scale mail        |    47 |    75 |       |   100 |    55 ||   277
         Leather armour    |       |     7 |   126 |    24 |       ||   157
         Gold dragon scale |       |       |       |       |   334 ||   334
  Dodge: Dodged            |    59 |    74 |   174 |   124 |   173 ||   604
  Block: Buckler           |    26 |    45 |   114 |    74 |   155 ||   414

Levels and vault maps discovered:
D:1:      amcnicky_arrival_abandoned_market, layout_rooms,
          amcnicky_mini_corridor_feature
D:2:      layout_basic, minmay_misc_feat_tower, grunt_ministairs_2
D:3:      layout_basic, mainiacjoe_overflow_brackets,
          mainiacjoe_overflow_small_starburst, mainiacjoe_overflow_boulevard
D:4:      layout_rooms, mainiacjoe_overflow_alcove_1, minmay_door_square,
          kennysheep_generic_room_6
D:5:      kennysheep_big_flooded_room, layout_cave_pods
D:6:      layout_cave_pools, grunt_temple_overflow_gold_and_silver,
          serial_gnoll_camp, gnoll_camp_mini_basic, gnoll_camp_mini_loothouse,
          gnoll_camp_mini_sergeant, gnoll_camp_mini_basic, gnoll_camp_huts_moat,
          gnoll_camp_mini_hut, serial_shops, nicolae_shop_rolling_square
D:7:      layout_cave_pools, mainiacjoe_overflow_concentric_impassable,
          temple_green, kennysheep_cross_bottleneck
D:8:      layout_rooms, minmay_microvault
D:9:      layout_roguey, mainiacjoe_overflow_surrounded_room, enter_bailey_2,
          minmay_diced_spiral
D:10:     layout_cave_pools, bloody_makhleb, uniq_erica
D:11:     layout_irregular_city, dpeg_oklobed_lair,
          minmay_orc_entry_temple_small, muffindrake_ghost_dual_entry,
          uniq_grum, uniq_lodul
D:12:     layout_rooms
Lair:1:   layout_chaotic_city, infiniplex_staircase_pool_2
Lair:2:   layout_hall_layers, guppyfry_snake_entry_island, st_stairs_11,
          serial_bayou_lake_a
Lair:3:   layout_regular_city, nicolae_shoals_entry_roost, uniq_kirke
Lair:4:   onia_ninara_swampy_vault, layout_long_grid,
          ebering_ghost_funeral_grove, serial_bayou_shore_b
Lair:5:   minmay_lair_end_enchanted_forest, layout_gridlike,
          nicolae_slime_entry_slimehenge, worms_lemuel

Notes
Turn   | Place    | Note
-------+----------+-------------------------------------------
     0 | D:1      | scionoferis the Vine Stalker Fighter began the quest for
                  | the Orb.
     0 | D:1      | Reached XP level 1. HP: 11/11 MP: 2/2
    80 | D:1      | Reached skill level 2 in Short Blades
    97 | D:1      | Reached XP level 2. HP: 16/16 MP: 3/3
   438 | D:1      | Reached skill level 3 in Fighting
   438 | D:1      | Reached skill level 3 in Shields
   438 | D:1      | Reached XP level 3. HP: 19/20 MP: 4/4
  1190 | D:3      | Found a stormy altar of Qazlal.
  1205 | D:3      | Gained mutation: Your natural rate of healing is unusually
                  | fast. [Vine Stalker growth]
  1205 | D:3      | Reached XP level 4. HP: 24/24 MP: 5/5
  1228 | D:3      | Reached skill level 3 in Short Blades
  1243 | D:3      | Found a bloodstained altar of Trog.
  1406 | D:3      | Reached XP level 5. HP: 14/28 MP: 4/6
  1468 | D:3      | Found a sacrificial altar of Ru.
  2093 | D:4      | Reached skill level 4 in Short Blades
  2117 | D:4      | Reached XP level 6. HP: 33/33 MP: 5/7
  2276 | D:4      | Found a hide-covered altar of Uskayaw.
  2293 | D:4      | Became a worshipper of Uskayaw the Reveller
  2332 | D:4      | Reached * piety under Uskayaw
  2345 | D:4      | Reached ** piety under Uskayaw
  2354 | D:4      | Reached skill level 4 in Fighting
  2356 | D:4      | Reached *** piety under Uskayaw
  2370 | D:4      | Reached skill level 4 in Shields
  2497 | D:4      | Noticed a black bear
  2511 | D:4      | Killed a black bear
  2512 | D:4      | Reached XP level 7. HP: 36/37 MP: 8/8
  2722 | D:5      | Entered Level 5 of the Dungeon
  2761 | D:5      | Reached skill level 5 in Short Blades
  2858 | D:5      | Noticed a steam dragon
  2872 | D:5      | Killed a steam dragon
  3252 | D:5      | Reached skill level 6 in Short Blades
  3252 | D:5      | Gained mutation: You have razor-sharp teeth. [Vine Stalker
                  | growth]
  3252 | D:5      | Reached XP level 8. HP: 34/40 MP: 9/9
  3262 | D:5      | Reached skill level 5 in Fighting
  3287 | D:5      | Reached skill level 5 in Shields
  3427 | D:5      | Reached skill level 1 in Invocations
  3589 | D:6      | Reached **** piety under Uskayaw
  3667 | D:6      | Reached skill level 2 in Invocations
  3851 | D:6      | Reached skill level 3 in Invocations
  3864 | D:6      | Found an opulent altar of Gozag.
  3864 | D:6      | Found a glowing silver altar of Zin.
  3902 | D:6      | Reached skill level 7 in Short Blades
  4021 | D:6      | Reached XP level 9. HP: 47/47 MP: 12/12
  4076 | D:5      | Reached skill level 1 in Stealth
  4261 | D:5      | Reached skill level 4 in Invocations
  4276 | D:6      | Reached skill level 2 in Stealth
  4282 | D:6      | Reached ***** piety under Uskayaw
  4571 | D:6      | Found Wiunn's Antique Armour Emporium.
  4729 | D:6      | Reached skill level 6 in Fighting
  4866 | D:6      | Reached skill level 3 in Stealth
  4929 | D:6      | Reached skill level 5 in Invocations
  5179 | D:7      | Reached skill level 8 in Short Blades
  5409 | D:7      | Found a shimmering altar of Xom.
  5430 | D:7      | Found a staircase to the Ecumenical Temple.
  5453 | D:7      | Reached skill level 4 in Stealth
  5680 | D:7      | Reached XP level 10. HP: 53/53 MP: 15/15
  5783 | D:8      | Noticed a two-headed ogre
  5797 | D:8      | Noticed a cyclops
  5802 | D:8      | Killed a two-headed ogre
  5803 | D:8      | Reached skill level 6 in Invocations
  6289 | D:8      | Killed a cyclops
  6290 | D:8      | Reached skill level 9 in Short Blades
  6290 | D:8      | Reached skill level 5 in Stealth
  6750 | D:9      | Found a flagged portal.
  6764 | Bailey   | Entered a bailey
  6807 | Bailey   | Noticed an orc knight
  6836 | Bailey   | Killed an orc knight
  6837 | Bailey   | Reached skill level 7 in Invocations
  6964 | Bailey   | Noticed an orc knight
  6990 | Bailey   | Killed an orc knight
  6991 | Bailey   | Reached skill level 7 in Fighting
  7311 | Bailey   | Reached skill level 8 in Invocations
  7342 | Bailey   | Noticed an orc knight
  7373 | Bailey   | Killed an orc knight
  7374 | Bailey   | Reached skill level 10 in Short Blades
  7374 | Bailey   | Reached XP level 11. HP: 15/58 MP: 12/18
  7499 | Bailey   | Found an iron altar of Okawaru.
  7504 | Bailey   | Noticed an orc high priest
  7616 | Bailey   | Killed an orc high priest
  7810 | D:9      | Identified the +3 demon whip of Diet Blood {vamp, *Rage rF+
                  | rN+ rCorr}
  8171 | D:9      | Found a radiant altar of Vehumet.
  8207 | D:9      | Reached skill level 9 in Invocations
  8645 | D:9      | Reached skill level 8 in Fighting
  8734 | D:10     | Entered Level 10 of the Dungeon
  8734 | D:10     | Found a burning altar of Makhleb.
  8849 | D:10     | Reached skill level 1 in Evocations
  8914 | D:10     | Noticed Erica
  8922 | D:10     | Reached skill level 11 in Short Blades
  9370 | D:10     | Killed Erica
  9550 | D:10     | Reached skill level 3 in Armour
  9800 | D:10     | Reached skill level 9 in Fighting
  9800 | D:10     | Reached skill level 5 in Evocations
  9800 | D:10     | Reached XP level 12. HP: 67/67 MP: 20/20
  9804 | D:11     | Found a staircase to the Orcish Mines.
  9826 | D:11     | Noticed Grum
  9835 | D:11     | Killed Grum
  9843 | D:11     | Reached XP level 13. HP: 66/72 MP: 18/21
 10033 | D:11     | Found a runed translucent door.
 10135 | D:11     | Found a runed translucent door.
 10194 | D:11     | Noticed a lich
 10195 | D:11     | Noticed pdpol's ghost (journeyman FoCK)
 10428 | D:11     | Reached skill level 1 in Dodging
 10478 | D:11     | Reached skill level 10 in Fighting
 10541 | D:11     | Found a staircase to the Lair.
 10600 | D:11     | Noticed Lodul
 10603 | D:11     | Upgraded the game from 0.30-a0-1103-g25895a7845 to
                  | 0.30-a0-1112-gfb780f5df6
 10625 | D:11     | HP: 4/72 [ogre/+0 giant club[Lodul] (19)]
 10868 | D:11     | Killed Lodul
 10869 | D:11     | Reached skill level 10 in Invocations
 10869 | D:11     | Reached skill level 6 in Evocations
 10920 | D:11     | Identified the staff of poison "Ciud" {rPois rC+ rN+}
 11091 | D:12     | Reached skill level 2 in Dodging
 11116 | D:12     | Reached skill level 4 in Armour
 11662 | Lair:1   | Entered Level 1 of the Lair of Beasts
 11720 | Lair:1   | Reached skill level 12 in Short Blades
 12501 | Lair:2   | Reached skill level 5 in Armour
 12501 | Lair:2   | Reached skill level 3 in Dodging
 12816 | Lair:2   | Found a staircase to the Snake Pit.
 12885 | Lair:2   | Identified the +7 sling of Distant Shores {freeze, Fly
                  | Str+6}
 13236 | Lair:1   | Reached XP level 14. HP: 43/77 MP: 21/23
 13239 | Lair:1   | Reached skill level 6 in Armour
 13440 | Lair:2   | Reached skill level 4 in Dodging
 13669 | Lair:3   | Reached skill level 11 in Invocations
 13681 | Lair:3   | Reached ****** piety under Uskayaw
 13683 | Lair:3   | Reached skill level 11 in Fighting
 13963 | Lair:3   | Reached skill level 7 in Armour
 13963 | Lair:3   | Found a staircase to the Shoals.
 14005 | Lair:3   | Noticed Kirke
 14022 | Lair:3   | Killed Kirke
 14843 | Lair:4   | HP: 7/79 [poisoned by a water moccasin]
 15363 | Lair:4   | Reached skill level 5 in Dodging
 15538 | Lair:4   | Reached skill level 1 in Throwing
 15574 | Lair:4   | Found a runed translucent door.
 15575 | Lair:4   | Noticed Bekuax's ghost (journeyman MfIE)
 15576 | Lair:4   | Identified the +3 trident of Nosajan {freeze, *Slow rN+
                  | Str+2}
 15752 | Lair:4   | Reached skill level 8 in Armour
 15779 | Lair:4   | Reached skill level 2 in Throwing
 15809 | Lair:4   | Identified the +1 scale mail of Focus {*Corrode Will++
                  | Str+8}
 16172 | Lair:5   | Entered Level 5 of the Lair of Beasts
 16569 | Lair:5   | Reached XP level 15. HP: 84/84 MP: 24/24
 16571 | Lair:5   | Reached skill level 3 in Throwing
 16720 | Lair:5   | HP: 7/84 [swamp worm (10)]
 16721 | Lair:5   | Slain by a skyshark

Vanquished Creatures
  Kirke (Lair:3)
  8 hydras (Lair:1 Lair:2 Lair:3 Lair:4 Lair:5)
  Erica (D:10)
  An alligator (Lair:4)
  3 two-headed ogres (D:8 D:12)
  4 death yaks (Lair:1)
  An orc high priest (Bailey)
  A skyshark (Lair:3)
  2 goliath frogs (Lair:4)
  A swamp dragon (Lair:4)
  Lodul (D:11)
  3 orc knights (Bailey)
  4 harpies (Lair:3)
  A cyclops (D:8)
  An ugly thing (D:12)
  A manticore (D:11)
  A black mamba (Lair:5)
  A moth of wrath (Lair:5)
  7 elephants (Lair:4 Lair:5)
  A torpor snail (Lair:2)
  A gargoyle (D:12)
  3 rime drakes (Lair:1 Lair:2 Lair:4)
  9 cane toads (Lair:1 Lair:2 Lair:3 Lair:4 Lair:5)
  An unseen horror (D:11)
  A kobold demonologist (Bailey)
  9 komodo dragons (Lair:1 Lair:2 Lair:3 Lair:4 Lair:5)
  4 trolls (D:9 D:10 D:11 D:12)
  A polar bear (Lair:5)
  4 hornets (Lair:5)
  16 blink frogs (Lair:1 Lair:2 Lair:3 Lair:5)
  3 spriggans (Lair:5)
  4 vampires (D:9 D:11 D:12)
  36 yaks (D:9 D:10 D:11 Lair:2 Lair:4)
  6 wyverns (D:9 Lair:1 Lair:2 Lair:4 Lair:5)
  A shadow (D:11)
  2 hogs (Lair:3)
  A wraith (D:9)
  Grum (D:11)
  A steam dragon (D:5)
  3 basilisks (Lair:2 Lair:4)
  4 vampire mosquitoes (Lair:4)
  4 swamp worms (Lair:4 Lair:5)
  9 water moccasins (D:7 D:9 Lair:1 Lair:2 Lair:4)
  2 nagas (Lair:2)
  3 acid dragons (D:11 D:12)
  15 orc warriors (D:5 D:7 D:8 Bailey D:11)
  A swamp drake (Lair:4)
  A sky beast (D:7)
  3 black bears (D:4 D:7 Lair:5)
  An ice beast (D:5)
  10 ogres (D:5 D:11)
  26 wolves (D:11 Lair:2 Lair:3 Lair:5)
  A boggart (Lair:5)
  3 centaurs (D:9 D:10)
  A phantom (D:6)
  5 kobold brigands (D:7 D:8 D:9)
  13 bullfrogs (D:5 D:7 Lair:1 Lair:2 Lair:3)
  4 gnoll sergeants (D:6)
  7 wights (D:5 D:6 D:9)
  8 killer bees (D:9)
  4 howler monkeys (D:4 D:5 D:10)
  6 electric eels (Bailey Lair:2)
  8 hounds (D:4 D:5 D:6)
  3 gnoll boudas (D:6)
  8 orc priests (D:3 D:4 D:5 D:9 D:11)
  3 jellies (D:5 D:8 Lair:5)
  5 sleepcaps (D:4 D:5 D:6 D:7)
  3 iguanas (D:4 D:5)
  10 orc wizards (D:4 D:5 D:8 D:9 D:11)
  37 gnolls (D:6 Bailey)
  7 adders (D:3 D:4 D:5 D:6)
  A white imp (D:5)
  4 worms (D:2 D:5)
  40 orcs (D:3 D:4 D:5 D:7 D:8)
  9 ball pythons (D:1 D:2 D:3 D:4)
  6 bats (D:1 D:2 D:3)
  12 endoplasms (D:1 D:2 D:3 Lair:5)
  A giant cockroach (D:3)
  11 goblins (D:1 D:2 D:3 D:4 Bailey)
  15 hobgoblins (D:1 D:2 D:3 D:4 Bailey)
  8 jackals (D:6)
  30 kobolds (D:1 D:2 D:3 D:7 D:8)
  2 quokkas (D:4 D:5)
  5 frilled lizards (D:1 D:2)
  3 rats (D:1 D:3)
513 creatures vanquished.

Vanquished Creatures (others)
  28 fungi (Lair:3 Lair:4 Lair:5)
  63 plants (D:11 Lair:1 Lair:2 Lair:3 Lair:4)
91 creatures vanquished.

Grand Total: 604 creatures vanquished

Table legend: (Time is in decaauts)
 A = Elapsed time spent in this place.
 B = Non-inter-level travel time spent in this place.
 C = Inter-level travel time spent in this place.
 D = Time resting spent in this place.
 E = Time spent auto-exploring this place.
 F = Levels seen in this place.
 G = Mean time per level.
                   A        B        C        D        E       F      G
               +--------+--------+--------+--------+--------+-----+--------+
         Total |  15903 |  15067 |    836 |   1514 |   9092 |  18 |  883.5 |
       Dungeon |  10325 |   9828 |    497 |   1036 |   5900 |  12 |  860.4 |
          Lair |   4748 |   4409 |    339 |    273 |   3014 |   5 |  949.6 |
        Bailey |    829 |    829 |      0 |    205 |    178 |   1 |  829.0 |
               +--------+--------+--------+--------+--------+-----+--------+

Top non-repeatable levels by time:
     D:9: 1474 daAuts
  Lair:4: 1435 daAuts
     D:6: 1243 daAuts
    D:11: 1123 daAuts
     D:5: 1013 daAuts
  Lair:3: 976 daAuts
  Lair:2: 964 daAuts
     D:8: 958 daAuts
  Lair:1: 954 daAuts
  Bailey: 829 daAuts
     D:3: 807 daAuts
     D:4: 736 daAuts
     D:2: 621 daAuts
     D:7: 611 daAuts
    D:10: 605 daAuts

Table legend:
 A = Non-vault XP
 B = Vault XP
 C = Vault XP percentage of total XP
 D = Non-vault monster count
 E = Vault monster count
 F = Vault count percentage of total count
                 A         B        C        D         E       F
            +---------+---------+-------+---------+---------+-------
      Total |   51332 |   24552 |  32.4 |     358 |     155 |  30.2
            +---------+---------+-------+---------+---------+-------
        D:1 |      36 |       0 |   0.0 |      22 |       0 |   0.0
        D:2 |      42 |       3 |   6.7 |      18 |       2 |  10.0
        D:3 |      99 |       0 |   0.0 |      20 |       0 |   0.0
        D:4 |     504 |       5 |   1.0 |      22 |       2 |   8.3
        D:5 |    1008 |     257 |  20.3 |      20 |       3 |  13.0
        D:6 |     874 |     856 |  49.5 |      21 |      42 |  66.7
        D:7 |    1007 |       0 |   0.0 |      26 |       0 |   0.0
        D:8 |    1135 |     550 |  32.6 |       9 |       1 |  10.0
        D:9 |    3169 |     790 |  20.0 |      40 |       5 |  11.1
       D:10 |    2282 |     828 |  26.6 |      13 |       1 |   7.1
       D:11 |    3026 |    2435 |  44.6 |      17 |      21 |  55.3
       D:12 |    3407 |       0 |   0.0 |      12 |       0 |   0.0
     Lair:1 |    8452 |       0 |   0.0 |      21 |       0 |   0.0
     Lair:2 |    7085 |     953 |  11.9 |      35 |       4 |  10.3
     Lair:3 |    5555 |    4172 |  42.9 |      20 |       7 |  25.9
     Lair:4 |    6233 |    5887 |  48.6 |      22 |      13 |  37.1
     Lair:5 |    7418 |    3155 |  29.8 |      20 |      18 |  47.4
     Bailey |       0 |    4661 | 100.0 |       0 |      36 | 100.0
            +---------+---------+-------+---------+---------+-------
